 Dungeon Crawl Stone Soup version 0.28.0 (webtiles) character file.

Game seed: 1673890126045731882

103448 browni3141 the Executioner (level 15, -8/147 HPs)
             Began as a Minotaur Berserker on Feb 18, 2022.
             Was a High Priest of Trog.
             Killed from afar by a nagaraja (23 damage)
             ... with a poison arrow
             ... on level 4 of the Snake Pit.
             The game lasted 00:21:39 (20009 turns).

browni3141 the Executioner (Minotaur Berserker)    Turns: 20009, Time: 00:21:39

Health: -8/147     AC: 30    Str: 29    XL:     15   Next: 89%
Magic:  14/14      EV: 11    Int:  6    God:    Trog [*****.]
Gold:   1871       SH:  0    Dex: 10    Spells: 14/14 levels left

rFire   + . .      SeeInvis .   e - +4 executioner's axe (vamp)
rCold   . . .      Faith    .   (shield currently unavailable)
rNeg    . . .      Spirit   .   q - +1 plate armour {rF+}
rPois   +          Reflect  .   (helmet unavailable)
rElec   .          Harm     .   H - +2 cloak
rCorr   .          Rampage  .   f - +0 pair of gloves
Will    +++..                   y - +1 pair of boots
Stlth   ..........              g - amulet of regeneration
HPRegen 2.14/turn               P - ring of poison resistance {@f3}
MPRegen 0.14/turn               O - +4 ring of protection

@: lethally poisoned (-8 -> -21), weakened, strong-willed, on berserk cooldown,
regenerating, slowed, very slow
A: horns 3, retaliatory headbutt, clever 1
a: Renounce Religion, Berserk, Trog's Hand, Brothers in Arms


You were on level 4 of the Snake Pit.
You worshipped Trog.
Trog was extremely pleased with you.
You visited 4 branches of the dungeon, and saw 22 of its levels.

You collected 2703 gold pieces.
You spent 832 gold pieces at shops.


Innate Abilities, Weirdness & Mutations

You have a pair of large horns on your head.
You reflexively headbutt those who attack you in melee.
Your mind is acute. (Int +2)


   Skills:
 + Level 17.0 Fighting
 * Level 21.9 Axes
 + Level 16.7 Armour
 + Level 8.2 Dodging
 + Level 6.4 Evocations


You had 14 spell levels left.
You didn't know any spells.
Your spell library was empty.

Inventory:

Hand Weapons
 e - a +4 vampiric executioner's axe (weapon)
Missiles
 K - 3 curare-tipped darts (quivered) {@f4}
Armour
 f - a +0 pair of gloves (worn)
 n - a scarf of repulsion
 q - a +1 plate armour of fire resistance (worn)
 y - a +1 pair of boots (worn)
 H - a +2 cloak (worn)
 I - a +0 plate armour
 T - +0 acid dragon scales
Jewellery
 g - an amulet of regeneration (around neck)
 m - a ring of willpower
 C - a ring of ice
 E - an amulet of reflection
 F - a ring of fire
 M - a ring of willpower
 O - a +4 ring of protection (right hand)
 P - a ring of poison resistance (left hand) {@f3}
 S - a +6 ring of strength
Wands
 d - a wand of polymorph (17)
 o - a wand of acid (9)
 t - a wand of iceblast (15)
 D - a wand of paralysis (12)
 R - a wand of mindburst (10)
Scrolls
 h - 2 scrolls of immolation {!r}
 j - a scroll of summoning
 p - 2 scrolls of noise {!r}
 r - 5 scrolls of amnesia
 x - 2 scrolls of vulnerability {!r}
 z - 4 scrolls of fear
 B - 3 scrolls of fog {@r5}
 G - 2 scrolls of identify {@r1}
 U - 3 scrolls of torment {!r}
 Y - 6 scrolls of teleportation {@r4}
 Z - a scroll of blinking {@r3}
Potions
 a - 2 potions of magic
 b - a potion of might
 c - 6 potions of haste {@q3}
 i - a potion of ambrosia
 k - 2 potions of invisibility
 l - a potion of berserk rage {!q}
 s - 2 potions of resistance
 u - 2 potions of heal wounds {@q2}
 v - 2 potions of attraction {!q}
 w - 2 potions of brilliance
 A - a potion of mutation {!q}
 J - 3 potions of flight
 Q - 3 potions of lignification {!q}
 W - 13 potions of curing {@q1}

Dungeon Overview and Level Annotations

Branches:
Dungeon (10/15)            Temple (0/1) D:4            Lair (6/6) D:10
 Shoals (0/4) Lair:3        Snake (4/4) Lair:2        Slime (0/5) Lair:6
    Orc (2/2) D:10            Elf (0/3) Orc:2

Altars:
Cheibriados
Dithmenos
Makhleb
Nemelex Xobeh
Qazlal
Ru
Trog
Wu Jian
Yredelemnul
Zin
Beogh

Shops:
Orc:2 ([!
Snake:2 =**[ ¦¦¦¦¦¦¦¦ ¦......¦ ¦¦¦......¦¦¦¦¦......¦¦¦¦¦¦ ¦¦¦...............)........¦¦*** .......................#..(..,,** .....................).#.....,,,, .............................,,,, ¦¦¦¦......¦¦¦¦¦¦......¦¦¦¦¦..,,,, ¦¦¦¦¦¦¦¦

¦......¦ **¦*,,, ¦@.....¦ **,,
¦......¦ **,, ¦.....)¦ *¦¦¦.,,
**¦¦¦¦......¦¦¦¦¦....,,
*****,..........)........,,
****,,,,,.,#.......)#.......,,
***,,,,,,,,.N#.N.)#..N#.......**
**,,,,,,,,,,......N)).§.N..¦¦***
*,,,,,,,,,,*¦¦¦¦..)†))¦¦¦¦¦¦


You could see a naga warrior, a nagaraja (fast, strong, catching breath) and a
naga sharpshooter (strong, catching breath).


Message History

The nagaraja goes into a battle-frenzy!
The nagaraja hits you from afar with a +0 spear!!
* * * LOW HITPOINT WARNING * * *
The naga sharpshooter spits poison at you.
The splash of poison hits you but does no damage.
You are more poisoned.
You resist. The nagaraja spits poison at you.
The splash of poison hits you but does no damage.
You resist.
A naga mage comes into view. It is wielding a +0 spear.
The naga sharpshooter casts a spell.
The naga sharpshooter magically shoots a bolt.
The bolt closely misses you.
The nagaraja hits you from afar with a +0 spear!
* * * LOW HITPOINT WARNING * * *
You hear a shout!
You are too injured to fight recklessly!
You are too injured to fight recklessly!
You are too injured to fight recklessly!
You are too injured to fight recklessly!
Blink to where?
Press: ? - help, Dir - move target
As you read the scroll of blinking {@r3}, it crumbles to dust.
You feel extremely sick.
The nagaraja points at you and mumbles some strange words.
The poison arrow hits you!!
You are more poisoned.
You partially resist.
You die...

Skill      XL: |  1  2  3  4  5  6  7  8  9 10 11 12 13 14 15 |
---------------+----------------------------------------------+-----
Axes           | 4 5 6 8 10 12 14 16 18 20 21 | 21.9
Fighting       | 4 5 6 7 9 10 12 13 15 16 17 | 17.0
Armour         | 3 4 5 6 7 9 10 12 13 14 16 | 16.7
Evocations     | 4 6 |  6.4
Dodging        | 6 8 |  8.2

Action                   |  1- 3 |  4- 6 |  7- 9 | 10-12 | 13-15 || total
-------------------------+-------+-------+-------+-------+-------++-------
Melee: Hand axe          |    94 |    94 |   115 |       |     8 ||   311
       Headbutt          |    11 |    14 |    58 |    63 |   170 ||   316
       Punch             |     2 |     1 |     4 |       |       ||     7
       War axe           |       |       |   133 |    11 |       ||   144
       Battleaxe         |       |       |       |   307 |   198 ||   505
       Executioner's axe |       |       |       |       |   617 ||   617
Invok: Berserk           |     1 |     5 |     4 |    11 |    22 ||    43
       Trog's Hand       |       |       |     2 |       |     5 ||     7
       Brothers in Arms  |       |       |       |       |     1 ||     1
Evoke: Wand              |       |     1 |       |     1 |       ||     2
  Use: Potion            |     2 |       |       |       |     4 ||     6
       Scroll            |       |       |       |    14 |    13 ||    27
 Stab: Sleeping          |     2 |       |       |       |       ||     2
       Distracted        |       |       |       |       |     1 ||     1
Armor: Animal skin       |    13 |       |       |       |       ||    13
       Chain mail        |     4 |    41 |   132 |       |       ||   177
       Plate armour      |       |       |       |   336 |   612 ||   948
Dodge: Dodged            |    60 |    48 |   112 |   189 |   429 ||   838
       Repelled          |       |     1 |       |       |       ||     1

Levels and vault maps discovered:
D:1:      dpeg_arrival_rooms_with_view, layout_loops_ring,
          hellmonk_ecumenical_altar_zigzags, minmay_misc_feat_chi,
          hangedman_abyss_or_decor_lesser_grid
D:2:      layout_rooms
D:3:      layout_loops_ring, lemuel_coloured_pillars_altar,
          nicolae_dithmenos_shadow_blocks, uniq_natasha, uniq_ijyb, uniq_robin
D:4:      layout_basic, minmay_temple_entry_offerings, uniq_pikel
D:5:      layout_loops_corners, makhleb_blood_cavern_becter,
          nicolae_overflow_hidden_temple, nicolae_qazlal_style_of_elements
D:6:      layout_rooms, nzn_wu_jian_council_hall, trog_hazing_becter,
          minmay_pentangle
D:7:      layout_basic, minmay_a_box_with_orc_wizards_in_it
D:8:      layout_rooms, cheibriados_altar_1, st_stairs_12, uniq_maggie
D:9:      layout_roguey
D:10:     layout_roguey, nemelex_diamond_rough_becter, dpeg_lair_monsters,
          david_orc_2, kennysheep_cross_bottleneck
Lair:1:   layout_hall_layers, grunt_megastairs_5
Lair:2:   layout_gridlike, minmay_snake_entry_six_corridors,
          grunt_forest_large_clearings
Lair:3:   layout_regular_city, minmay_shoals_entry_centaurs, serial_rivers,
          chequers_serial_rivers_small_3, chequers_serial_rivers_small_a,
          chequers_serial_rivers_micro_d, chequers_serial_rivers_micro_a,
          chequers_serial_rivers_small_a, chequers_serial_rivers_micro_a,
          chequers_serial_rivers_large_a, uniq_sonja
Lair:4:   layout_gridlike, grunt_megastairs_2, lemuel_fruit_tree,
          infiniplex_staircase_pool_2, uniq_rupert
Lair:5:   layout_regular_city, nicolae_quartered_pool_little,
          grunt_forest_stairs_basic, uniq_nessos, uniq_snorg
Lair:6:   hangedman_lair_in_review, layout_loops_ring,
          nicolae_slime_entry_slimehenge
Snake:1:  layout_grid_maze, serial_bayou_shore_b
Snake:2:  layout_onion, minmay_shop_grid_forest, grunt_ministairs_14,
          st_stairs_14, serial_bayou_shore_a
Snake:3:  layout_concentric_octagons, serial_bayou_shore_b
Snake:4:  minmay_snake_end_coiled, layout_cave_pods, uniq_asterion
Orc:1:    layout_caves
Orc:2:    grunt_orc_community_town_hall, layout_diamond_mine,
          grunt_orc_community_big_house_2, grunt_orc_community_big_house_2,
          grunt_orc_community_house_3, grunt_orc_community_house_1,
          grunt_orc_community_house_3, grunt_orc_community_house_1,
          special_room, lemuel_statue_altar

Notes
Turn   | Place    | Note
-------+----------+-------------------------------------------
     0 | D:1      | browni3141 the Minotaur Berserker began the quest for the
                  | Orb.
     0 | D:1      | Reached XP level 1. HP: 19/19 MP: 0/0
   196 | D:1      | Reached skill level 4 in Axes
   202 | D:1      | Reached XP level 2. HP: 27/27 MP: 1/1
   479 | D:1      | Reached skill level 4 in Fighting
   655 | D:1      | Reached XP level 3. HP: 33/33 MP: 2/2
   907 | D:1      | Reached skill level 3 in Armour
   956 | D:1      | Found a faded altar of an unknown god.
  1060 | D:2      | HP: 2/33 [poisoned by an adder]
  1536 | D:2      | Reached ** piety under Trog
  2199 | D:3      | Reached XP level 4. HP: 39/40 MP: 3/3
  2205 | D:3      | Reached skill level 5 in Axes
  2390 | D:3      | Noticed Robin
  2400 | D:3      | Killed Robin
  2542 | D:3      | Found a shadowy altar of Dithmenos.
  2549 | D:3      | Noticed Ijyb
  2552 | D:3      | Noticed Natasha
  2553 | D:3      | Noticed Ijyb
  2553 | D:3      | Ijyb changed into Ijyb the dart slug
  2557 | D:3      | Killed Ijyb the dart slug
  2559 | D:3      | Killed Natasha
  2570 | D:3      | Noticed Natasha
  2582 | D:3      | Killed Natasha
  2583 | D:3      | Reached XP level 5. HP: 33/47 MP: 4/4
  2687 | D:3      | Reached *** piety under Trog
  2915 | D:3      | Found a glowing silver altar of Zin.
  3038 | D:4      | Found a staircase to the Ecumenical Temple.
  3165 | D:4      | Noticed an ogre
  3173 | D:4      | Killed an ogre
  3174 | D:4      | Reached skill level 5 in Fighting
  3174 | D:4      | Reached skill level 6 in Axes
  3174 | D:4      | Reached skill level 4 in Armour
  3174 | D:4      | Reached XP level 6. HP: 56/56 MP: 5/5
  3483 | D:4      | Noticed Pikel
  3497 | D:4      | Killed Pikel
  3498 | D:4      | Reached skill level 6 in Fighting
  3498 | D:4      | Reached skill level 8 in Axes
  3498 | D:4      | Reached skill level 5 in Armour
  3498 | D:4      | Reached XP level 7. HP: 64/64 MP: 6/6
  3788 | D:5      | Entered Level 5 of the Dungeon
  3816 | D:5      | Found a burning altar of Makhleb.
  3859 | D:5      | Reached skill level 6 in Armour
  3859 | D:5      | Reached XP level 8. HP: 71/71 MP: 7/7
  3877 | D:5      | Found a basalt altar of Yredelemnul.
  3877 | D:5      | Found a sacrificial altar of Ru.
  3880 | D:5      | Reached skill level 9 in Axes
  3885 | D:5      | Reached skill level 7 in Fighting
  4256 | D:5      | Reached skill level 10 in Axes
  4328 | D:5      | Reached skill level 7 in Armour
  4716 | D:5      | Found a stormy altar of Qazlal.
  4719 | D:5      | Noticed an air elemental
  5039 | D:6      | Reached **** piety under Trog
  5134 | D:6      | Reached XP level 9. HP: 81/81 MP: 8/8
  5312 | D:6      | Reached skill level 8 in Fighting
  5439 | D:6      | Reached skill level 11 in Axes
  5467 | D:6      | Reached skill level 8 in Armour
  5706 | D:6      | Found an ornate altar of the Wu Jian Council.
  5770 | D:6      | Found a bloodstained altar of Trog.
  6142 | D:7      | Reached skill level 12 in Axes
  6314 | D:7      | Reached skill level 9 in Fighting
  6397 | D:7      | You fall into a shaft and drop 1 floor!
  6448 | D:8      | Found a snail-covered altar of Cheibriados.
  6682 | D:8      | Noticed Maggie
  6696 | D:8      | Killed Maggie
  6825 | D:8      | Reached skill level 9 in Armour
  6825 | D:8      | Reached XP level 10. HP: 91/91 MP: 9/9
  7404 | D:9      | Reached skill level 13 in Axes
  7450 | D:9      | Noticed a cyclops
  7457 | D:9      | Killed a cyclops
  7606 | D:10     | Entered Level 10 of the Dungeon
  7623 | D:10     | Noticed a death yak
  7625 | D:10     | Found a staircase to the Lair.
  7626 | D:10     | Noticed a death yak
  7626 | D:10     | Noticed a death yak
  7635 | D:10     | Killed a death yak
  7636 | D:10     | Reached skill level 10 in Fighting
  7642 | D:10     | Killed a death yak
  7643 | D:10     | Reached skill level 14 in Axes
  7643 | D:10     | Reached skill level 10 in Armour
  7648 | D:10     | Killed a death yak
  8103 | D:10     | Found a staircase to the Orcish Mines.
  8189 | D:10     | Reached XP level 11. HP: 101/101 MP: 10/10
  8193 | D:10     | Found a sparkling altar of Nemelex Xobeh.
  9242 | Lair:1   | Entered Level 1 of the Lair of Beasts
  9250 | Lair:1   | Reached skill level 11 in Fighting
  9277 | Lair:1   | Reached skill level 15 in Axes
  9377 | Lair:1   | Noticed an eight-headed hydra
  9383 | Lair:1   | Killed a ten-headed hydra
  9384 | Lair:1   | Reached skill level 11 in Armour
  9564 | Lair:1   | Noticed a four-headed hydra
  9571 | Lair:1   | Killed a six-headed hydra
  9993 | Lair:1   | Reached ***** piety under Trog
 10170 | Lair:1   | Reached skill level 16 in Axes
 10457 | Lair:2   | Reached skill level 12 in Fighting
 10465 | Lair:2   | Reached skill level 12 in Armour
 10465 | Lair:2   | Reached XP level 12. HP: 112/112 MP: 11/11
 10477 | Lair:2   | Reached skill level 17 in Axes
 10569 | Lair:2   | Noticed a four-headed hydra
 10575 | Lair:2   | Killed a six-headed hydra
 10657 | Lair:2   | Identified the +5 hand axe of Siumieq {flame, rCorr SInv}
                  | (Trog gifted it to you on level 2 of the Lair of Beasts)
 10657 | Lair:2   | Received a gift from Trog
 10689 | Lair:2   | Reached skill level 13 in Fighting
 10794 | Lair:2   | Reached skill level 18 in Axes
 10794 | Lair:2   | Reached skill level 13 in Armour
 10888 | Lair:2   | Found a staircase to the Snake Pit.
 11444 | Lair:3   | Noticed Sonja
 11446 | Lair:3   | Noticed Sonja
 11446 | Lair:3   | Sonja changed into Sonja the ogre
 11455 | Lair:3   | Killed Sonja the ogre
 11511 | Lair:3   | Noticed a boulder beetle
 11529 | Lair:3   | Killed a boulder beetle
 11530 | Lair:3   | Reached XP level 13. HP: 88/123 MP: 12/12
 11776 | Lair:3   | Found a staircase to the Shoals.
 11889 | Lair:3   | Reached skill level 14 in Fighting
 11889 | Lair:3   | Reached skill level 19 in Axes
 12534 | Lair:3   | You fall into a shaft and drop 2 floors!
 12637 | Lair:5   | Reached skill level 14 in Armour
 12641 | Lair:5   | Noticed Nessos
 12653 | Lair:5   | Killed Nessos
 12674 | Lair:5   | HP: 2/125 [rime drake/flash freeze (15)]
 12952 | Lair:5   | Noticed Snorg
 12966 | Lair:5   | Killed Snorg
 13486 | Lair:6   | Entered Level 6 of the Lair of Beasts
 13519 | Lair:6   | Reached skill level 20 in Axes
 13795 | Lair:6   | Reached skill level 15 in Fighting
 13828 | Lair:6   | Found a staircase to the Slime Pits.
 13841 | Lair:6   | Received a gift from Trog
 13937 | Lair:6   | Reached XP level 14. HP: 135/135 MP: 13/13
 13963 | Lair:6   | Reached skill level 1 in Evocations
 14177 | Lair:6   | Reached skill level 3 in Dodging
 14197 | Lair:6   | Reached skill level 15 in Armour
 14206 | Lair:6   | Reached skill level 2 in Evocations
 14498 | Lair:6   | Reached skill level 4 in Dodging
 14673 | Lair:6   | Reached skill level 3 in Evocations
 14773 | Lair:6   | Identified a scroll of acquirement
 14975 | Lair:6   | Acquired a +3 vampiric executioner's axe
 15230 | Lair:4   | Noticed Rupert
 15232 | Lair:4   | Paralysed by Rupert for 2 turns
 15243 | Lair:4   | Killed Rupert
 15244 | Lair:4   | Reached skill level 5 in Dodging
 15432 | Lair:4   | Received a gift from Trog
 15433 | Lair:4   | Reached skill level 4 in Evocations
 16384 | Orc:1    | Entered Level 1 of the Orcish Mines
 16622 | Orc:2    | Entered Level 2 of the Orcish Mines
 16634 | Orc:2    | Reached skill level 16 in Fighting
 16686 | Orc:2    | Found a staircase to the Elven Halls.
 16763 | Orc:2    | Reached skill level 6 in Dodging
 16763 | Orc:2    | Found Aheafaq's Antique Armour Shoppe.
 16930 | Orc:2    | Received a gift from Trog
 16934 | Orc:2    | Identified a +1 robe of resistance
 16941 | Orc:2    | Noticed an orc warlord
 16959 | Orc:2    | Killed an orc warlord
 16994 | Orc:2    | Found Fedin's Antique Weapon Shop.
 17009 | Orc:2    | Found Fijuriok's Antique Armour Boutique.
 17337 | Orc:2    | Reached skill level 16 in Armour
 17339 | Orc:2    | Found Cypnud's Distillery.
 17354 | Orc:2    | Bought a potion of mutation for 88 gold pieces
 17354 | Orc:2    | Bought a potion of resistance for 110 gold pieces
 17354 | Orc:2    | Bought a potion of haste for 110 gold pieces
 17354 | Orc:2    | Bought a potion of heal wounds for 55 gold pieces
 17354 | Orc:2    | Gained mutation: You are frail. (-10% HP) [potion of
                  | mutation]
 17354 | Orc:2    | Gained mutation: You are dopey. (Int -2) [potion of
                  | mutation]
 17355 | Orc:2    | Lost mutation: You are dopey. (Int -2) [potion of mutation]
 17355 | Orc:2    | Lost mutation: You are frail. (-10% HP) [potion of
                  | mutation]
 17355 | Orc:2    | Gained mutation: You are frail. (-10% HP) [potion of
                  | mutation]
 17355 | Orc:2    | Gained mutation: You are very frail. (-20% HP) [potion of
                  | mutation]
 17355 | Orc:2    | Gained mutation: Your mind is acute. (Int +2) [potion of
                  | mutation]
 17355 | Orc:2    | Gained mutation: You have sharp toenails. [potion of
                  | mutation]
 17356 | Orc:2    | Lost mutation: You have sharp toenails. [potion of
                  | mutation]
 17356 | Orc:2    | Lost mutation: You are very frail. (-20% HP) [potion of
                  | mutation]
 17356 | Orc:2    | Lost mutation: You are frail. (-10% HP) [potion of
                  | mutation]
 17356 | Orc:2    | Gained mutation: You have a pair of large horns on your
                  | head. [potion of mutation]
 17456 | Orc:2    | Reached XP level 15. HP: 144/144 MP: 14/14
 17555 | Orc:1    | Reached ****** piety under Trog
 17855 | Snake:1  | Entered Level 1 of the Snake Pit
 17996 | Snake:2  | Received a gift from Trog
 18039 | Snake:2  | Found Nysuvea's General Store.
 18042 | Snake:2  | Found Tacwaic's Antique Armour Emporium.
 18043 | Snake:2  | Found Rast's Jewellery Emporium.
 18044 | Snake:2  | Found Ysiofeg's Assorted Antiques.
 18047 | Snake:2  | Bought a scroll of blinking for 105 gold pieces
 18047 | Snake:2  | Bought 3 scrolls of identify for 84 gold pieces
 18066 | Snake:2  | Bought a ring of poison resistance for 280 gold pieces
 18093 | Snake:2  | Reached skill level 5 in Evocations
 18120 | Snake:2  | Reached skill level 21 in Axes
 18395 | Snake:4  | Entered Level 4 of the Snake Pit
 18395 | Snake:4  | Identified the +0 kite shield of Darkness {Int+3}
 18395 | Snake:4  | Noticed Asterion
 18745 | Snake:3  | Reached skill level 7 in Dodging
 18793 | Snake:4  | Killed Asterion
 19393 | Snake:4  | Reached skill level 6 in Evocations
 19396 | Snake:4  | Noticed a nagaraja
 19408 | Snake:4  | Killed a nagaraja
 19526 | Snake:4  | Received a gift from Trog
 19678 | Snake:4  | Reached skill level 8 in Dodging
 19992 | Snake:4  | Noticed a nagaraja
 19996 | Snake:4  | Noticed a nagaraja
 19998 | Snake:4  | Reached skill level 17 in Fighting
 20009 | Snake:4  | Killed from afar by a nagaraja

Vanquished Creatures
  Rupert (Lair:4)
  Asterion (Snake:4)
  A nagaraja (Snake:4)
  An orc warlord (Orc:2)
  Nessos (Lair:5)
  Snorg (Lair:5)
  9 naga warriors
  A salamander tyrant (Snake:4)
  13 hydras
  A boulder beetle (Lair:3)
  3 anacondas
  A two-headed ogre (Orc:2)
  11 death yaks
  2 orc high priests (Orc:2)
  4 shock serpents
  7 naga sharpshooters (Snake:4)
  4 salamander mystics
  A naga ritualist (Snake:3)
  2 sea snakes (Snake:2)
  An orc knight (Orc:2)
  Pikel (D:4)
  2 lindwurms (Lair:6)
  3 mana vipers (Snake:3)
  2 wolf spiders (Lair:6)
  A cyclops (D:9)
  4 orc sorcerers (Orc:2)
  5 salamanders (Snake:4)
  21 black mambas
  A guardian serpent (Snake:4)
  A torpor snail (Lair:5)
  23 elephants
  8 naga magi
  10 cane toads
  Maggie (D:8)
  5 rime drakes
  4 komodo dragons
  2 polar bears (Lair:6)
  2 trolls (Orc:2)
  3 hornets
  32 blink frogs
  2 dream sheep (Lair:6)
  A meliai zombie (D:10)
  43 yaks
  A wraith (D:6)
  7 basilisks
  2 wyverns
  2 vampire mosquitoes (D:10)
  3 wargs
  21 nagas
  28 water moccasins
  A hornet zombie (D:7)
  27 orc warriors
  2 sky beasts (D:6)
  3 necrophages (D:5)
  4 ice beasts
  47 wolves
  8 ogres
  7 centaurs
  A lemure (D:4)
  A kobold brigand (D:10)
  13 bullfrogs
  3 scorpions
  7 killer bees
  14 wights
  3 electric eels
  A howler monkey (D:6)
  2 bullfrog zombies (D:6)
  A centaur zombie (D:10)
  2 hounds
  A centaur skeleton (D:7)
  4 jellies
  13 orc priests
  A bullfrog skeleton (D:6)
  Natasha (twice) (D:3)
  7 iguanas
  17 orc wizards
  15 hell rats
  A killer bee zombie (D:7)
  A hound skeleton (D:5)
  2 howler monkey zombies
  Robin (D:3)
  7 gnolls
  5 adders
  2 shadow imps (D:6)
  2 white imps (D:5)
  3 ufetubi
  An adder skeleton (D:4)
  A worm (D:3)
  4 dart slugs
  73 orcs
  10 ball pythons
  6 bats
  9 endoplasms
  4 giant cockroaches
  10 hobgoblins
  2 jackals (D:1)
  20 kobolds
  3 quokkas
  3 frilled lizards
  17 goblins
  6 rats
  A bush (Lair:2)
708 creatures vanquished.

Vanquished Creatures (others)
  2 orcs (Orc:2)
  A bush (Lair:6)
  54 fungi
  65 plants
122 creatures vanquished.

Grand Total: 830 creatures vanquished

Table legend: (Time is in decaauts)
 A = Elapsed time spent in this place.
 B = Non-inter-level travel time spent in this place.
 C = Inter-level travel time spent in this place.
 D = Time resting spent in this place.
 E = Time spent auto-exploring this place.
 F = Levels seen in this place.
 G = Mean time per level.
                   A        B        C        D        E       F      G
               +--------+--------+--------+--------+--------+-----+--------+
         Total |  20212 |  19134 |   1078 |   4252 |  11295 |  22 |  918.7 |
       Dungeon |   9374 |   8649 |    725 |   1835 |   5447 |  10 |  937.4 |
          Lair |   7255 |   6966 |    289 |   1648 |   4117 |   6 | 1209.2 |
     Snake Pit |   2179 |   2179 |      0 |    769 |    761 |   4 |  544.8 |
  Orcish Mines |   1402 |   1339 |     63 |      0 |    970 |   2 |  701.0 |
               +--------+--------+--------+--------+--------+-----+--------+

Top non-repeatable levels by time:
  Lair:6: 1564 daAuts
    D:10: 1473 daAuts
  Lair:3: 1445 daAuts
  Lair:1: 1227 daAuts
     D:5: 1204 daAuts
     D:2: 1092 daAuts
  Lair:2: 1080 daAuts
     D:1: 1048 daAuts
  Lair:5: 976 daAuts
 Snake:4: 964 daAuts
  Lair:4: 961 daAuts
   Orc:2: 918 daAuts
     D:3: 914 daAuts
     D:6: 900 daAuts
 Snake:3: 876 daAuts

Table legend:
 A = Non-vault XP
 B = Vault XP
 C = Vault XP percentage of total XP
 D = Non-vault monster count
 E = Vault monster count
 F = Vault count percentage of total count
                 A         B        C        D         E       F
            +---------+---------+-------+---------+---------+-------
      Total |   99312 |   48471 |  32.8 |     477 |     229 |  32.4
            +---------+---------+-------+---------+---------+-------
        D:1 |      44 |       3 |   6.4 |      26 |       2 |   7.1
        D:2 |      43 |       0 |   0.0 |      18 |       0 |   0.0
        D:3 |      93 |      76 |  45.0 |      18 |      14 |  43.8
        D:4 |     350 |     641 |  64.7 |      17 |       1 |   5.6
        D:5 |    1098 |     143 |  11.5 |      24 |       2 |   7.7
        D:6 |     785 |     760 |  49.2 |      13 |      18 |  58.1
        D:7 |     424 |     177 |  29.5 |       8 |       5 |  38.5
        D:8 |     736 |     421 |  36.4 |       7 |       2 |  22.2
        D:9 |    1551 |       0 |   0.0 |      19 |       0 |   0.0
       D:10 |    2110 |    2570 |  54.9 |      20 |      15 |  42.9
     Lair:1 |    4663 |    1232 |  20.9 |      17 |       8 |  32.0
     Lair:2 |   11227 |    6887 |  38.0 |      35 |      39 |  52.7
     Lair:3 |    7851 |     472 |   5.7 |      19 |       4 |  17.4
     Lair:4 |    9259 |    3347 |  26.6 |      28 |       7 |  20.0
     Lair:5 |    7642 |    2004 |  20.8 |      26 |       2 |   7.1
     Lair:6 |   13969 |   10215 |  42.2 |      63 |      27 |  30.0
    Snake:1 |    1110 |       0 |   0.0 |       3 |       0 |   0.0
    Snake:2 |    4516 |       0 |   0.0 |      13 |       0 |   0.0
    Snake:3 |    8410 |       0 |   0.0 |      14 |       0 |   0.0
    Snake:4 |   17455 |   12880 |  42.5 |      33 |      20 |  37.7
      Orc:1 |    1316 |       0 |   0.0 |      27 |       0 |   0.0
      Orc:2 |    4660 |    6643 |  58.8 |      29 |      63 |  68.5
            +---------+---------+-------+---------+---------+-------
